 Dungeon Crawl Stone Soup version 0.30.0-17-ge0270778cf (webtiles) character file.

Game seed: 6969777382122439082

246 Daunt the Shooter (level 6, -3/53 HPs)
             Began as a Hill Orc Hunter on May 21, 2023.
             Slain by an orc priest
             ... wielding a +0 club
              (4 damage)
             ... on level 3 of the Dungeon.
             The game lasted 00:04:50 (2141 turns).

Daunt the Shooter (Hill Orc Hunter)                 Turns: 2141, Time: 00:04:50

Health: -3/53      AC:  3    Str: 13 (16) XL:     6   Next: 11%
Magic:  6/6        EV: 11    Int:  7 (9)  God:
Gold:   109        SH:  0    Dex: 13 (14) Spells: 5/5 levels left

rFire   . . .        a - +0 shortbow
rCold   . . .        (shield currently unavailable)
rNeg    . . .        h - +0 leather armour
rPois   .            (no helmet)
rElec   .            (no cloak)
rCorr   .            (no gloves)
SInv    .            (no boots)
Will    .....        (no amulet)
Stlth   +            (no ring)
HPRegen 0.28/turn    (no ring)
MPRegen 0.10/turn

%: no passive effects
@: mighty
A: no striking features
a: Convert to Beogh


You were on level 3 of the Dungeon.
You visited 1 branch of the dungeon, and saw 3 of its levels.

You collected 109 gold pieces.

Inventory:

Hand Weapons
 a - a +0 shortbow (weapon)
 e - a +0 sling
Missiles
 i - 35 stones
 s - 4 poisoned darts
Armour
 h - a +0 leather armour (worn)
Wands
 q - a wand of mindburst (10)
Scrolls
 b - 2 scrolls of immolation
 d - 2 scrolls of poison {unknown}
 f - a scroll of enchant weapon {unknown}
 g - a scroll of silence {unknown}
 j - 2 scrolls of blinking {unknown}
 l - a scroll of fear {unknown}
 m - a scroll of butterflies {unknown}
 n - a scroll of identify {unknown}
 o - 2 scrolls of amnesia {unknown}
Potions
 k - a potion of degeneration
 p - a potion of haste {unknown}
 r - a potion of brilliance {unknown}
 u - a potion of resistance {unknown}


   Skills:
 + Level 4.6 Fighting
 * Level 5.7 Ranged Weapons
 - Level 1.5 Dodging
 - Level 0.7 Stealth


You had 5 spell levels left.
You didn't know any spells.
Your spell library contained the following spells:

 Spells                   Type           Power      Damage    Failure   Level
 Slow                     Hex            0%         N/A       52%         1
 Confusing Touch          Hex            0%         N/A       87%         3
 Vampiric Draining        Necr           0%         2d6       87%         3


Dungeon Overview and Level Annotations

Branches:
Dungeon (3/15)

Altars:
Gozag

Annotations:
D:1 dig
D:2 1 runed translucent door, Crazy Yiuf


Message History

The orc is almost dead.
The orc priest threatens, "By the altar or by the axe, you will meet Beogh!"
The orc barely misses you. The orc hits you with a +0 hand axe.
* * * LOW HITPOINT WARNING * * *
Unknown command.
Unknown command.
It was a potion of degeneration.
There was something very wrong with that liquid.
You feel weakened.
You feel dopey.
You feel clumsy. The orc hits you but does no damage.
It was a potion of might.
You feel very mighty all of a sudden. The orc hits you with a +0 hand axe.
* * * LOW HITPOINT WARNING * * *
Unknown command.
You feel better. The orc misses you.
Unknown command.
You shoot an arrow. The arrow hits the orc.
You kill the orc!
The orc priest miscasts a cantrip.
The orc priest hits you with a +0 club.
* * * LOW HITPOINT WARNING * * *
Items here: )) ? [.
You shoot an arrow.
The arrow hits the orc priest but does no damage.
The orc priest is lightly wounded.
The orc priest shouts, "Surrender to Beogh and we'll let you live!"
The orc priest invokes the aid of Beogh against you.
Beogh smites you!
* * * LOW HITPOINT WARNING * * *
Fire: a) +0 shortbow
Press: ? - help, Q - select action, (/) - cycle Shift-Dir - straight line, f/p - orc priest
Aim: an orc priest, wielding a +0 club and wearing a +0 chain mail (lightly wounded, 69% to hit)
You shoot an arrow.
The orc priest threatens, "By the altar or by the axe, you will meet Beogh!"
The arrow hits the orc priest but does no damage.
The orc priest is lightly wounded.
The orc priest shouts, "Beogh is our master!
Accept the truth or die!"
The orc priest hits you with a +0 club.
You die...

.. #.# .# #.# .. #.#
..# .o# .# #.# ... .#
#.# .. # #. #.# #.# .#
#.# ..#). #.. ##@##o..#
#.###### ##.#o#..#
.......#######.###)..#
..#.##.##.....#.#.#...#
....##.##.....##.# ...#
..............####
..... .#..##.##......#
.......
.......##........#
.######
....##)###.#####....#


You could see an orc priest.

Vanquished Creatures
  A scorpion (D:3)
  An orc priest (D:3)
  A jelly (D:3)
  Robin (D:2)
  A gnoll (D:1)
  3 adders
  A dart slug (D:2)
  4 orcs (D:3)
  7 ball pythons
  2 bats
  5 endoplasms
  3 giant cockroaches
  13 goblins (D:2)
  10 hobgoblins
  A jackal (D:3)
  6 quokkas
  10 kobolds
  2 rats (D:1)
72 creatures vanquished.

Notes
Turn   | Place    | Note
-------+----------+-------------------------------------------
     0 | D:1      | Daunt the Hill Orc Hunter began the quest for the Orb.
     0 | D:1      | Reached XP level 1. HP: 18/18 MP: 1/1
     2 | D:1      | Noticed a merfolk
     2 | D:1      | Noticed a draconian
     4 | D:1      | Noticed an elf
     4 | D:1      | Noticed a gargoyle
     6 | D:1      | Noticed a vampire
     6 | D:1      | Noticed a minotaur
     8 | D:1      | Noticed an ogre
     8 | D:1      | Noticed an armataur
    10 | D:1      | Noticed a formicid
    12 | D:1      | Noticed a vine stalker
    12 | D:1      | Noticed a meteoran
    14 | D:1      | Noticed a demigod
    14 | D:1      | Noticed a demonspawn
    16 | D:1      | Noticed a tengu
    18 | D:1      | Noticed a felid
    18 | D:1      | Noticed a human
    20 | D:1      | Noticed a naga
    20 | D:1      | Noticed a troll
    22 | D:1      | Noticed a ghoul
    24 | D:1      | Noticed a meteoran
    24 | D:1      | Noticed a spriggan
    26 | D:1      | Noticed a draconian
    76 | D:1      | Reached XP level 2. HP: 16/25 MP: 2/2
    78 | D:1      | Reached skill level 4 in Ranged Weapons
   703 | D:2      | Reached XP level 3. HP: 31/31 MP: 3/3
   915 | D:2      | Noticed Robin
   928 | D:2      | Killed Robin
   929 | D:2      | Reached XP level 4. HP: 30/38 MP: 4/4
  1642 | D:2      | Found a runed translucent door.
  1643 | D:2      | Noticed Crazy Yiuf
  1785 | D:3      | Reached skill level 5 in Ranged Weapons
  1826 | D:3      | Noticed a scorpion
  1832 | D:3      | Killed a scorpion
  1833 | D:3      | Reached XP level 5. HP: 46/46 MP: 5/5
  1918 | D:3      | Found a faded altar of an unknown god.
  1918 | D:3      | Noticed a shining eye
  1920 | D:3      | Noticed a shining eye
  1927 | D:3      | Noticed a floating eye
  1993 | D:3      | Found an opulent altar of Gozag.
  2120 | D:3      | Reached XP level 6. HP: 24/53 MP: 6/6
  2136 | D:3      | HP: 1/53 [orc/+0 hand axe (3)]
  2141 | D:3      | Slain by an orc priest

Illustrated notes

Levels and vault maps discovered:
D:1:      kb_arrival_jail, layout_loops_ring, item_on_display_b
D:2:      minmay_kobold_bridge, layout_loops_cross, moated_statue,
          minmay_split_cup_small, uniq_robin, uniq_crazy_yiuf_cottage
D:3:      layout_loops_cross, mainiacjoe_overflow_surrounded_room,
          hellmonk_ecumenical_altar_watching_god, minmay_misc_feat_room,
          grunt_ministairs_5, minmay_curled_crystal, minmay_ruptured

Skill      XL: |  1  2  3  4 |
---------------+-------------+-----
Ranged Weapons | 4 5 |  5.7
Fighting       | 3 4 |  4.6
Dodging        | |  1.5
Stealth        | |  0.7

Action                     |  1- 3 |  4- 6 || total
---------------------------+-------+-------++-------
   Fire: Shortbow          |    84 |   168 ||   252
    Use: Potion            |       |     3 ||     3
 Armour: Leather armour    |    18 |    19 ||    37
  Dodge: Dodged            |    21 |    43 ||    64
